[Event "Italian-ch Semifinal 2022"]
[Site "Acqui Terme"]
[Date "2022.06.15"]
[Round "4.3"]
[White "Genocchio, Daniele"]
[Black "Pasini, Nicolo"]
[Result "1/2-1/2"]
[ECO "A14"]
[WhiteElo "2365"]
[BlackElo "2227"]
[Annotator "TA"]
[PlyCount "168"]
[EventDate "2022.06.15"]
[EventType "swiss"]
[EventCountry "ITA"]
[SourceTitle "playchess.com"]
[Source "ChessBase"]
[SourceQuality "1"]
[TimeControl "40/5400+30:1800+30"]

1. c4 e6 2. Nf3 d5 3. b3 Nf6 4. g3 Be7 5. Bg2 O-O 6. O-O c5 7. Bb2 Nc6 8. e3 b6 9. Qe2 Ba6 10. Rd1 Rc8 {[%emt 0:01:08] A14: English Opening: 1...e6 with b3 by White.} 11. Na3 Qd7 12. d3 Rfd8 {[%emt 0:00:55] [#]} 13. Nc2 $146 ({Predecessor:} 13. Rac1 h6 14. Ba1 Bb7 15. Qb2 dxc4 16. bxc4 Ne8 17. Qb1 Bf6 18. Bxf6 Nxf6 19. Nb5 {1-0 (45) Aleksandrov,A (2603)-Geller,J (2474) Sochi 2015}) 13... b5 14. Na3 bxc4 15. dxc4 Qc7 16. Qc2 Qb6 17. cxd5 (17. Ne5 $11) 17... exd5 $15 18. Qf5 Nb4 19. Ne5 c4 20. Bd4 Qa5 {[%emt 0:02:54] [#]} (20... Qd6 $5 ) 21. Nexc4 Bxc4 (21... Qc7 22. Ne5) 22. Nxc4 {[%emt 0:00:14][%mdl 64] Pin} Qa6 23. Ne5 Nc2 24. Bf1 {[%emt 0:01:06][%cal Bg2f1,Bf1d3,Bd3f5][%mdl 32] This bishop pair is nice.} Qb7 25. Rac1 Nxd4 26. exd4 Ba3 27. Rxc8 Qxc8 28. Qf3 Qc7 29. Bd3 Bd6 30. Re1 Re8 31. Re3 {[%emt 0:02:12] White is more active.} Bxe5 {[%emt 0:05:59] [#]} 32. Qe2 $1 ({Much worse is} 32. dxe5 Rxe5 33. Kg2 Qe7 $14) 32... Nd7 33. Bf5 Rd8 {[%emt 0:11:14] Strongly threatening ...Bf6.} 34. Bxd7 Bd6 (34... Qc1+ $2 35. Kg2 Bd6 36. Re8+ Rxe8 37. Qxe8+ Bf8 38. Bc6 $18) 35. Re8+ Bf8 36. Rxd8 Qxd8 $16 {[%emt 0:00:07][%mdl 4096] Endgame KQB-KQB} 37. Qb5 g6 38. Qxd5 Bg7 39. Qd6 Qb6 (39... Qa5 $14) 40. Qxb6 axb6 {[%emt 0:00:00] KB-KB} 41. d5 Kf8 42. Bb5 Ke7 43. a4 Kd6 44. Bc4 Bd4 45. Kg2 f6 46. h3 Kc5 47. Kf3 Bc3 48. Ke4 Be1 49. Ke3 Bb4 50. g4 Ba3 51. Ke4 Kd6 52. Ba6 Bc5 53. f3 Bf2 54. Bc8 Bc5 55. Be6 Bf2 56. Kd3 Kc5 57. Bf7 Bg3 58. Ke4 Bh2 $2 (58... Kd6 $16 {is a better defense.} 59. Bg8 h5) 59. Bg8 $18 h5 60. gxh5 f5+ 61. Kd3 gxh5 62. Be6 Bf4 $2 (62... b5 63. a5 (63. Bxf5 bxa4 64. bxa4 Kxd5 $18) 63... Bc7 64. b4+ (64. Bxf5 Bxa5 65. Ke4 h4 $16) 64... Kxb4) 63. Bxf5 Kxd5 64. b4 Bc7 65. Be4+ Ke6 $2 (65... Ke5 66. Bg6 Ke6) 66. Kc4 Ke5 67. Kb5 Kf4 68. a5 bxa5 69. bxa5 Be5 70. Kc5 (70. a6 $142 Bd4 71. Kc4 Bb6 72. Kd5 Bg1 73. Kc6 Kg3 74. Kd6 Kf4 75. Bc6) 70... Bc3 71. a6 Be1 72. Kc6 Bf2 {[%emt 0:00:00] [#]} 73. Kb7 $2 (73. h4 $1 $18 {and the rest is easy. Threatens to win with Kd5.} Kg3 74. Kd6) 73... Kg3 $16 74. a7 (74. Bg6 $16 Kxf3 75. Be8 (75. a7 Bxa7 76. h4 Be3 $11)) 74... Bxa7 $1 $11 {[%emt 0:00:00] The position is equal.} 75. Kxa7 Kxh3 {[%emt 0:00:00] KB-KP} 76. f4 Kg4 $1 77. f5 {[%emt 0:00:02] White threatens f6 and mate.} Kg5 78. Kb6 Kf6 $1 79. Kc5 {[%emt 0:02:49] White wants to mate with Kd4.} Ke5 $1 {[%emt 0:00:00] [#]} 80. Kc4 $1 {[%emt 0:00:52] Threatening mate with Kd3.} h4 81. Kd3 h3 82. Ke3 {[%emt 0:00:01] Kf3 would kill now.} h2 83. Kf2 h1=Q (83... Kxe4 $5 84. Kg2 Kxf5 $11) 84. Bxh1 {[%emt 0:00:05][%cal Oh1e4] Intending Be4! and mate.} Kxf5 {[%emt 0:00:00] Black escapes into a draw.  Weighted Error Value: White=0.07 (flawless) /Black=0.13 (very precise)} 1/2-1/2

[Event "Italian-ch Semifinal 2022"]
[Site "Acqui Terme"]
[Date "2022.06.15"]
[Round "4.4"]
[White "Martorelli, Antonio"]
[Black "Lumachi, Gabriele"]
[Result "1/2-1/2"]
[ECO "C54"]
[WhiteElo "2141"]
[BlackElo "2347"]
[Annotator "TA"]
[PlyCount "233"]
[EventDate "2022.06.15"]
[EventType "swiss"]
[EventCountry "ITA"]
[SourceTitle "playchess.com"]
[Source "ChessBase"]
[SourceQuality "1"]
[TimeControl "40/5400+30:1800+30"]

1. e4 e5 2. Nf3 Nc6 3. Bc4 Bc5 4. c3 Nf6 5. d3 d6 6. Nbd2 a6 7. Bb3 Ba7 8. Nf1 h6 9. h3 d5 10. Qe2 Be6 11. Ng3 Qd6 12. O-O O-O-O 13. Be3 d4 14. cxd4 Nxd4 15. Bxd4 Bxd4 16. Nf5 Bxf5 17. exf5 Rd7 18. Rfe1 Re7 19. Rac1 Rhe8 20. Qc2 (20. Nxd4 $15 exd4 21. Qd2) 20... Kb8 21. Nxd4 Qxd4 22. Bc4 Ka7 23. Re3 Qd7 24. a4 e4 ({Black should try} 24... Qxf5 $15 25. b4 b6) 25. dxe4 $11 Rxe4 26. Rxe4 Rxe4 27. a5 Kb8 (27... Qxf5 $2 28. Bd3 $18) 28. Rd1 $2 (28. Qc3 $11) 28... Rxc4 $1 $19 29. Rxd7 Rxc2 30. Rxf7 Nh5 $2 (30... Rxb2 $19 31. Rxg7 c5) 31. g4 $17 Nf4 (31... Rxb2 $6 32. gxh5 Rb5 33. Kg2 $11) 32. Rxg7 (32. h4 $17 {was called for.}) 32... Nxh3+ $19 33. Kg2 Nxf2 34. Kf3 Rxb2 35. f6 Nd1 $2 ({Black should play} 35... Ka7 $1 $19 {...Ra2 is the strong threat.} 36. Rh7 (36. f7 Nd1 $17) 36... Nh3 37. Rxh6 Ng5+ 38. Kf4 Nf7) 36. Kf4 $1 $11 ({But not} 36. Rg8+ Ka7 37. Rg6 Rf2+ 38. Ke4 Rh2 $17) 36... Rf2+ 37. Ke5 Ka7 38. Rxc7 Ne3 39. Rg7 $1 Nc4+ 40. Ke6 Nxa5 41. Rh7 $2 (41. f7 $1 $11) 41... Re2+ $1 $19 42. Kf5 Rh2 $2 (42... Nc4 $1 $19 {[%cal Rc4e3] White must now prevent ...Ne3+.} 43. Rxh6 Nd6+ 44. Kg6 Rg2) 43. Kg6 Nc6 44. g5 a5 45. Rxh6 Rg2 46. Rh3 $2 (46. Kh7 $11 {and White stays safe.} Rxg5 47. f7) 46... a4 47. Re3 Nd8 $1 48. Re8 Nf7 $2 (48... Rd2 $19 49. Kg7 b5) 49. Kxf7 $11 Rxg5 50. Ke6 Rg6 51. Kf5 Rxf6+ $4 (51... Rg2 $11) 52. Kxf6 Ka6 53. Ke5 Ka5 54. Kd5 Kb4 55. Re4+ $1 Kb3 56. Kc5 $1 b6+ 57. Kb5 a3 58. Re3+ $1 Kb2 59. Kb4 a2 60. Re2+ $1 Kb1 61. Kb3 $1 a1=N+ 62. Kc3 b5 63. Rb2+ Kc1 64. Rh2 $2 (64. Ra2 Kd1 65. Rxa1+ Ke2 66. Kd4 Kf3 67. Rb1 b4 68. Rxb4 Kf4 69. Rb5) 64... Kb1 $2 (64... b4+ $11 65. Kxb4 Nc2+ 66. Kc4 Ne1) 65. Rg2 b4+ 66. Kxb4 Nc2+ 67. Kc3 Ne3 68. Rb2+ $2 (68. Rg5 Nd1+ 69. Kd2 Nb2 70. Rg4 Ka2 71. Kc1 Kb3 72. Rg3+ Ka2 73. Rg2) 68... Kc1 $11 69. Re2 Nd1+ 70. Kb3 Kb1 71. Rc2 $2 (71. Rg2 $11) 71... Ne3 $18 72. Rc8 $2 (72. Rc5 $1 Nd1 73. Rh5 Kc1 74. Rh2 Kb1 75. Rg2 Kc1 76. Re2 Kb1 77. Rd2) 72... Nd1 $11 73. Rc7 Ne3 $2 (73... Nb2 $11) 74. Rc6 $2 (74. Rc5 $1 Nd1 75. Rc7 Ne3 76. Re7 Nd1 77. Re8 Kc1 78. Re2 Kb1 79. Rd2) 74... Nd1 $11 75. Rc5 Ne3 $2 (75... Nb2 $11) 76. Kc3 $1 Nd1+ 77. Kd2 $1 Nb2 78. Rb5 Ka2 79. Kc2 Na4 $1 80. Rb8 Ka3 $1 81. Rb3+ Ka2 82. Rh3 Nc5 $2 {[%emt 0:00:49][%mdl 8192] [#]} (82... Nb6 $11) 83. Kc3 $1 Na4+ {[%emt 0:00:34] [#]} 84. Kb4 $1 Nb2 85. Rg3 $2 (85. Rh1 {mates} Nd3+ 86. Kc3 Nc5 87. Rh5 Ne6 88. Re5 Nf4 89. Kc2 Ka3 90. Re3+ Kb4 91. Re4+ Kc5 92. Rxf4) 85... Kb1 $1 $11 86. Kb3 Nd1 87. Rg2 Kc1 88. Rc2+ Kb1 89. Rc5 Ne3 90. Re5 Nd1 91. Ra5 (91. Re1 $5 Kc1 92. Rg1 $14) 91... Kc1 92. Rd5 Ne3 93. Rd3 Nd1 94. Rd7 Ne3 95. Kc3 Nd1+ 96. Kb3 Ne3 97. Rd4 Nd1 98. Rd3 Nf2 99. Rg3 Nd1 100. Rg2 Ne3 101. Rf2 Nd1 102. Re2 Kb1 103. Rc2 Ne3 104. Rc5 Nd1 $1 105. Rc6 Ne3 106. Rd6 Kc1 107. Kc3 Nd1+ 108. Kd3 Nb2+ 109. Kc3 Nd1+ 110. Kb3 Ne3 111. Rc6+ Kd2 112. Re6 Kd3 113. Rd6+ Ke4 114. Kc3 Nd5+ 115. Kc4 Ne3+ 116. Kc5 Kf3 117. Re6 1/2-1/2

[Event "Italian-ch Semifinal 2022"]
[Site "Acqui Terme"]
[Date "2022.06.15"]
[Round "4.6"]
[White "Bettalli, Francesco"]
[Black "Tripodi, Enzo"]
[Result "1-0"]
[ECO "B13"]
[WhiteElo "2304"]
[BlackElo "2170"]
[Annotator "TA"]
[PlyCount "121"]
[EventDate "2022.06.15"]
[EventType "swiss"]
[EventCountry "ITA"]
[SourceTitle "playchess.com"]
[Source "ChessBase"]
[SourceQuality "1"]
[TimeControl "40/5400+30:1800+30"]

1. d4 c6 2. e4 d5 3. exd5 cxd5 4. Bd3 Nc6 5. c3 Nf6 6. Bf4 g6 7. Nd2 Nh5 {[%emt 0:00:04] 7...Bf5 gains popularity. B13: Caro-Kann: Exchange Variation and Panov-Botvinnik Attack.} 8. Be3 Qc7 9. g3 {[%emt 0:07:51] [#]} f5 $146 (9... Bg7 $11) ({Predecessor:} 9... Bg7 10. f4 Nf6 11. Ngf3 Bf5 12. Qc2 Bxd3 13. Qxd3 O-O 14. f5 Qb6 15. b3 Rac8 {1-0 (31) Narayanan,S (2540)-Molina,R (2434) Chess.com INT 2020}) 10. f4 Bg7 11. Ngf3 e6 12. Qe2 Bd7 13. O-O O-O 14. Rac1 Nf6 15. Ne5 Nxe5 (15... Rfc8 $11 {keeps the balance.}) 16. fxe5 (16. dxe5 $16 Ne4 17. c4) 16... Ng4 17. Bg5 Bc6 18. Nf3 Rae8 19. Rc2 Bh6 20. Bxh6 Nxh6 21. Ng5 Qe7 22. Nh3 Ng4 (22... Nf7 $14) 23. Qd2 Qg7 24. Be2 a6 25. Nf4 g5 $2 {[%emt 0:02:12][%mdl 8192] [#]} (25... Bb5 $16) 26. Nh5 $18 Qg6 27. Bxg4 fxg4 28. Nf6+ Kh8 29. Nxe8 Rxf1+ 30. Kxf1 Bxe8 {[%emt 0:01:21][%mdl 4096] Endgame KQR-KQB} 31. Qf2 {[%emt 0:01:53] [#] Strongly threatening Qf8+.} Kg8 {[%emt 0:00:35] Prevents Qf8+.} 32. Kg1 Bb5 33. Rc1 Bd3 34. Qe3 Qf5 35. Qf2 Qg6 $1 36. Qf6 Qxf6 37. exf6 {[%emt 0:00:03] KR-KB} Kf7 38. Kf2 b5 (38... Bb5 $142 39. Rh1 Bd3) 39. Ke3 Be4 (39... Bg6 $142 40. a4 h6 41. axb5 axb5) 40. b3 Bf3 41. c4 dxc4 42. bxc4 bxc4 43. Rxc4 Kxf6 44. Rc7 Bd5 45. a3 h5 46. Rh7 Kg6 47. Rh8 Bc6 48. Kd3 Bd5 49. Kc3 Bf3 (49... a5 $142 50. Kd3 a4) 50. Kb4 Be2 51. Kc5 Bd3 52. Kd6 Bc4 53. Ke5 Bb3 54. Rg8+ Kh6 55. Kf6 {[%emt 0:00:02][%cal Rg8h8] White mates.} Kh7 56. Rxg5 Kh6 57. Rg8 Kh7 58. Re8 a5 59. Rxe6 a4 60. Re5 Kh6 61. d5 {[%emt 0:00:02] Weighted Error Value: White=0.14 (very precise) /Black=0.46} 1-0

[Event "Italian-ch Semifinal 2022"]
[Site "Acqui Terme"]
[Date "2022.06.15"]
[Round "4.7"]
[White "Misiano, Franco"]
[Black "Paduano, Claudio"]
[Result "1/2-1/2"]
[ECO "B33"]
[WhiteElo "2195"]
[BlackElo "2138"]
[Annotator "TA"]
[PlyCount "107"]
[EventDate "2022.06.15"]
[EventType "swiss"]
[EventCountry "ITA"]
[SourceTitle "playchess.com"]
[Source "ChessBase"]
[SourceQuality "1"]
[TimeControl "40/5400+30:1800+30"]

1. e4 c5 2. Nf3 Nc6 3. d4 cxd4 4. Nxd4 Nf6 5. Nc3 e5 6. Ndb5 d6 7. Bg5 a6 8. Na3 b5 9. Bxf6 gxf6 10. Nd5 Bg7 11. Bd3 Ne7 12. Nxe7 Qxe7 13. c4 f5 14. O-O O-O 15. Qh5 ({Reject} 15. exf5 e4 16. Qe2 Re8 $15) 15... d5 {[%emt 0:32:47] B33: Sicilian: Pelikan and Sveshnikov Variations.} 16. cxd5 Qd8 17. exf5 Qxd5 {[%emt 0:02:06] White is slightly better.} 18. f6 (18. Rad1 $14 e4 19. Bxb5 $1 Qxf5 20. Qxf5 Bxf5 21. Bd7 Bxd7 22. Rxd7) 18... Qxd3 $11 19. fxg7 Re8 20. Rad1 Qg6 21. Qxg6 {[%emt 0:01:21] The board is on fire.} hxg6 22. Nc2 {[%emt 0:00:26] [#]} Kxg7 $146 (22... Be6 {keeps more tension.} 23. a3 Bb3 24. Rc1 Red8) ({Predecessor:} 22... Be6 23. a3 Bb3 24. Rc1 Red8 25. Ne3 Rd2 26. Rc5 Rxb2 27. Rxe5 Ra2 28. f4 Rxa3 {0-1 (34) Baches Garcia,G (2329)-Lavrik,D (2425) Chess.com INT 2022}) 23. Rd6 Be6 24. a3 $1 Red8 25. Rfd1 Rxd6 26. Rxd6 {[%emt 0:00:11][%mdl 4096] Endgame KRB-KRN} Rc8 27. Ne3 Rc1+ 28. Rd1 $1 Rxd1+ 29. Nxd1 {[%emt 0:00:06] KB-KN} Bb3 30. Nc3 f5 31. f3 Kf6 32. h4 Bc2 ({Black should try} 32... Be6 $11) 33. Nd5+ $14 Ke6 $1 34. Nc7+ Kd6 $1 35. Nxa6 e4 (35... f4 $1 $14) 36. Kf2 {[%emt 0:02:39] Hoping for Nb4.} f4 37. fxe4 (37. Nb4 $18 Bb1 38. fxe4 Bxe4 39. Na2) 37... Bxe4 $16 38. Nb4 Kc5 39. Na2 {[%emt 0:00:22] aiming for Nc3.} Kc4 ({Black should play} 39... Kd4 $14) 40. Nc3 $18 Bd3 {[%emt 0:00:00] [#]} 41. Kf3 $2 (41. a4 $1 $18 ) 41... Kb3 $11 {[%emt 0:07:47] The position is equal.} 42. Kxf4 {[%emt 0:00:56] Strongly threatening Kg5.} Kxb2 43. Nxb5 Bxb5 {[%emt 0:00:06] KB-K3P} 44. Kg5 Bd3 (44... Kxa3 $2 45. Kxg6 Bd3+ 46. Kf6 $18) 45. a4 Kc3 46. a5 Kd4 47. a6 Bxa6 48. Kxg6 {[%emt 0:00:06] KB-KPP} Ke5 49. g4 Bd3+ 50. Kg7 Kf4 51. h5 Kxg4 52. h6 Kg5 53. h7 Bxh7 54. Kxh7 {[%emt 1:30:41] Weighted Error Value: White=0.15 (very precise) /Black=0.21 (precise)} 1/2-1/2

[Event "Italian-ch Semifinal 2022"]
[Site "Acqui Terme"]
[Date "2022.06.15"]
[Round "4.8"]
[White "Gioseffi, Massimiliano"]
[Black "Corvi, Marco"]
[Result "1/2-1/2"]
[ECO "E46"]
[WhiteElo "2136"]
[BlackElo "2318"]
[Annotator "TA"]
[PlyCount "74"]
[EventDate "2022.06.15"]
[EventType "swiss"]
[EventCountry "ITA"]
[SourceTitle "playchess.com"]
[Source "ChessBase"]
[SourceQuality "1"]
[TimeControl "40/5400+30:1800+30"]

1. d4 Nf6 2. c4 e6 3. Nc3 Bb4 4. e3 O-O 5. Nge2 Re8 6. a3 Bf8 7. d5 e5 {[%emt 0:01:25] E46: Nimzo-Indian: Rubinstein: 4 e3 0-0 5 Ne2 without early Bd3.} (7... a5 $11) 8. e4 a5 9. Ng3 Na6 {[%emt 0:08:54] White is slightly better.} 10. Bd3 Nc5 11. Bc2 {[%emt 0:00:06] [#]} d6 $146 ({Predecessor:} 11... c6 12. O-O b5 13. cxb5 cxb5 14. Nxb5 Ba6 15. a4 Rb8 16. Bg5 h6 17. Bxf6 Qxf6 {½-½ (72) Kasparov,S (2464)-Markos,J (2327) Pardubice 2000}) 12. h3 c6 13. O-O b5 14. dxc6 bxc4 15. Bg5 Be6 (15... Ne6 $16) 16. Nd5 $18 Bxd5 17. exd5 Be7 18. Bxf6 (18. Nf5 $18) 18... Bxf6 $16 19. Ne4 Nxe4 20. Bxe4 g6 21. Qc2 Bg7 22. Qxc4 f5 23. Bc2 {[%emt 0:00:14] White is more active.} e4 24. Rab1 Be5 25. b4 {[%emt 0:09:59] [#] c7 is the strong threat.} axb4 26. axb4 {[%emt 0:00:07] Strongly threatening c7.} Qb6 27. Rfe1 {[%emt 0:06:55] Against e3} Re7 28. Rb3 h5 (28... Qd4 $14 29. Qxd4 Bxd4) 29. h4 (29. Bb1 $16) 29... Bf6 30. g3 Bd4 (30... Qd4 $142 31. Qxd4 Bxd4) 31. Re2 Rf7 (31... Qa7 $16 {is a better defense.} 32. Rb1 Qb6) 32. Kg2 Ra1 33. Rb1 Ra3 34. Rb3 {[%emt 0:00:24] Prevents Rc3.} Ra1 35. Rb1 {[%emt 0:00:18] [#] aiming for Rd1.} Ra3 $1 36. Rb3 Ra1 37. Rb1 $2 (37. Rd2 $18 Be5 38. b5) 37... Raa7 $2 {Weighted Error Value: White=0.34/Black=0.16 (very precise)} (37... Ra3 $1 $11) 1/2-1/2

[Event "Italian-ch Semifinal 2022"]
[Site "Acqui Terme"]
[Date "2022.06.15"]
[Round "4.10"]
[White "Perossa, Nicolas"]
[Black "Franciosi, Fausto"]
[Result "1-0"]
[ECO "A53"]
[WhiteElo "2139"]
[BlackElo "2204"]
[Annotator "TA"]
[PlyCount "59"]
[EventDate "2022.06.15"]
[EventType "swiss"]
[EventCountry "ITA"]
[SourceTitle "playchess.com"]
[Source "ChessBase"]
[SourceQuality "1"]
[TimeControl "40/5400+30:1800+30"]

1. e4 d6 2. d4 Nf6 3. f3 e5 4. Ne2 Be7 5. Be3 O-O 6. c4 Nbd7 7. Nbc3 c6 8. d5 cxd5 9. cxd5 a6 {[%emt 0:02:14] A53: Old Indian Defence without Nf3.} 10. g4 Ne8 11. Qd2 Bh4+ {[%emt 0:04:21] White is slightly better.} 12. Ng3 g6 {[%emt 0:03:45] [#]} 13. O-O-O $146 ({Predecessor:} 13. Bd3 Kh8 14. O-O Ng7 15. b4 Nf6 16. Kg2 Bd7 17. a4 h5 18. h3 Nh7 19. Kh2 {½-½ (45) Blazeka,M (2385)-Markus,R (2599) Slovenia 2019}) 13... Ng7 14. Kb1 b5 15. Rg1 Kh8 16. Bd3 Nf6 (16... Qe7 $11) 17. Bh6 (17. Nce2 $14) 17... Ng8 $11 18. Be3 Bd7 (18... Nf6 $1 $11) 19. Rc1 Qe7 20. Nce2 $36 {[%emt 0:00:28][%cal Bc3e2,Be2g3,Bg3e4][%mdl 2080] White is on the roll.} f5 ({Black should try} 20... Rfc8) 21. gxf5 gxf5 22. Nxf5 Nxf5 23. exf5 Bxf5 24. Be4 (24. Bxf5 $16 Rxf5 25. f4) 24... Rf7 (24... Qd7 $14) 25. Ng3 {[%emt 0:00:50] White is more active.} Bg6 {[%emt 0:00:58] [#]} (25... Bxg3 $16 26. Rxg3 Qd7) 26. Bxg6 $18 hxg6 27. Ne4 Rxf3 28. Rxg6 $2 ({White should play} 28. Bg5 $18 Bxg5 29. Qxg5) 28... Qh7 $11 29. Rcg1 {[%emt 0:01:05] aiming for Qc1.} Ne7 $2 {[%emt 0:00:11][%mdl 8192] [#]} (29... Rf1+ $11 30. Rxf1 Qxg6) 30. Rh6 {[%emt 0:00:05] Weighted Error Value: White=0.25 (precise) /Black=0.33} 1-0

[Event "Italian-ch Semifinal 2022"]
[Site "Acqui Terme"]
[Date "2022.06.16"]
[Round "6.1"]
[White "Palozza, Christian"]
[Black "Barp, Alberto"]
[Result "0-1"]
[ECO "D30"]
[WhiteElo "2284"]
[BlackElo "2384"]
[Annotator "TA"]
[PlyCount "118"]
[EventDate "2022.06.15"]
[EventType "swiss"]
[EventCountry "ITA"]
[SourceTitle "playchess.com"]
[Source "ChessBase"]
[SourceQuality "1"]
[TimeControl "40/5400+30:1800+30"]

1. d4 Nf6 2. c4 e6 3. g3 d5 4. Nf3 c5 5. cxd5 exd5 6. Bg2 Nc6 7. O-O Be7 8. b3 O-O 9. Bb2 Ne4 10. e3 {[%emt 0:16:12] D30: Queen's Gambit Declined: Systems without Nc3.} Bg4 11. dxc5 Bf6 12. Qc1 {[%emt 0:11:38] [#] The position is equal.} Nxc5 $146 ({Predecessor:} 12... Nb4 13. Nd4 Nd3 14. Qc2 Nb4 15. Qc1 Nd3 16. Qc2 Nb4 17. Qc1 {½-½ (17) Guasch Figuerola,A (2078)-Fernandez Aguado,E (2267) Barcelona 2022}) 13. Bxf6 Qxf6 14. Qc3 Rfd8 (14... Qd6 $11 {is more appropriate.}) 15. Qxf6 $14 gxf6 16. Nc3 Rac8 17. Ne2 Ne4 18. Rfd1 Ne5 (18... Ng5 $11 {remains equal.} 19. Nxg5 fxg5) 19. Nfd4 $1 $16 Ng5 {[%emt 0:06:19] Inhibits f3.} 20. Rac1 Nef3+ 21. Nxf3 (21. Bxf3 {is more complex.} Nxf3+ 22. Nxf3 Bxf3 23. Kf1) 21... Nxf3+ 22. Bxf3 Bxf3 23. Rxc8 Rxc8 24. Rc1 Rxc1+ 25. Nxc1 {[%emt 0:00:01][%mdl 4096] Endgame KB-KN} Kg7 26. b4 d4 27. a3 (27. exd4 $16 {Hoping for Kf1.} Kg6 28. a3) 27... Kg6 (27... dxe3 $11 {keeps the balance.} 28. fxe3 Kg6) 28. Nb3 ({White should try} 28. exd4 $16 Kf5 29. Nb3) 28... dxe3 $11 29. fxe3 Kf5 30. Kf2 Bd5 31. Nd2 Ke5 32. Ke2 Be4 33. Nb3 Kd5 34. Nd2 Bc2 35. Ke1 b6 36. Ke2 a5 37. bxa5 bxa5 38. Nf3 {[%emt 0:00:16] [#]} (38. g4 $11) 38... Kc4 $1 $17 {[%emt 0:01:28] White is now going downhill.} 39. Kd2 Be4 40. Nd4 f5 41. h3 (41. Ke2 $17) 41... a4 $19 42. h4 $2 (42. Ke2) 42... h6 (42... h5 $142 43. Ke2 Kc3 44. Nb5+ Kb3) 43. Ne2 $2 (43. h5) 43... Kb3 44. Nd4+ Kxa3 {[%emt 0:10:37] White must now prevent ...Kb2.} 45. Kc3 Ka2 46. Nb5 Bc6 47. Nd6 Kb1 ({Not} 47... a3 $2 48. Kb4 $19) (47... h5 $142 {Threatens to win with ...Kb1.} 48. Kc4 Kb1) 48. Kb4 Kb2 {[%emt 0:00:33] Strongly threatening ...h5.} 49. h5 {[%emt 0:00:15] [#]} Bd7 $1 50. Nc4+ Kc2 {[%emt 0:00:01] ...Be6 is the strong threat.} 51. Ne5 $2 (51. Nd6 Be6 52. e4 (52. Kxa4 $2 Kd3 $19) 52... fxe4 53. Nxe4) 51... Be6 {[%emt 0:01:26][%cal Oa4a3] ( -> ...a3!)} 52. Kxa4 Kd2 {[%emt 0:00:13] Black mates.} 53. Kb4 Kxe3 54. Nc6 Kf3 55. Ne7 Kxg3 56. Ng8 f4 57. Nxh6 f6 58. Nf7 Bxf7 59. h6 Bg6 {[%emt 0:00:05] Weighted Error Value: White=0.64/Black=0.33} 0-1

[Event "Italian-ch Semifinal 2022"]
[Site "Acqui Terme"]
[Date "2022.06.16"]
[Round "6.2"]
[White "Lettieri, Giuseppe"]
[Black "Boraso, Alessio"]
[Result "1-0"]
[ECO "B30"]
[WhiteElo "2445"]
[BlackElo "2287"]
[Annotator "TA"]
[PlyCount "115"]
[EventDate "2022.06.15"]
[EventType "swiss"]
[EventCountry "ITA"]
[SourceTitle "playchess.com"]
[Source "ChessBase"]
[SourceQuality "1"]
[TimeControl "40/5400+30:1800+30"]

1. e4 c5 2. Nf3 e6 3. Nc3 Nc6 4. Bb5 Nd4 5. Bd3 a6 6. Nxd4 {[%emt 0:01:16] B30: Sicilian: 2...Nc6 3 Bb5, lines without ...g6.} cxd4 7. Ne2 d5 8. O-O {[%emt 0:10:57] The position is equal.} dxe4 9. Bxe4 Nf6 10. Bf3 Bc5 {[%emt 0:10:43][%cal Bf8c5,Bc5b6,Bb6c7][%mdl 32] [#]} 11. b4 $146 ({Predecessor:} 11. d3 O-O 12. Ng3 e5 13. Re1 Qd6 14. a3 h6 15. Bd2 a5 16. b4 axb4 17. axb4 Rxa1 18. Qxa1 Bxb4 19. Bxb4 Qxb4 20. Rxe5 {1-0 (33) Cano Mateos,P (1840)-Perez Bolanos,D (2038) Salobrena 2021}) 11... Bb6 12. c4 O-O 13. d3 Re8 14. Bg5 h6 15. Bxf6 Qxf6 16. a4 Bc7 17. c5 Rb8 18. Qc2 h5 19. b5 e5 (19... Bd7 $11 {keeps the balance.}) 20. b6 $16 ({Much worse is} 20. Bxh5 Bd7 $14) 20... Bd8 21. a5 Bd7 22. Ng3 Bc6 (22... Qe6 $1 $11) 23. Ne4 (23. Nxh5 $16 Qg6 24. Qe2) 23... Qg6 (23... Qe6 $11) 24. Qe2 $14 {[%emt 0:00:14] White is more active.} Be7 25. Rac1 h4 26. Nd6 (26. h3 $5 ) 26... Bxf3 27. Qxf3 Bxd6 28. cxd6 e4 29. dxe4 {[%emt 0:01:06][%cal Oe4e5] Black must now prevent e5!} Qxd6 30. Rc7 Re7 31. Rfc1 Rbe8 ({Black should try} 31... Rd8 $15) 32. Rxe7 Rxe7 $11 {[%emt 0:02:23][%mdl 4096] Endgame KQR-KQR} 33. Rc8+ Kh7 34. Qh5+ (34. g3 {feels hotter.} Qg6 35. Rc7 Rxe4 36. Qxf7 Re5 37. Rxb7 hxg3 38. Qxg6+ Kxg6 39. hxg3 Rxa5 40. Kg2) 34... Qh6 35. Qxh6+ Kxh6 {[%emt 0:00:34] KR-KR} 36. f3 Re5 {[%emt 0:01:36] Inhibits Rc5.} 37. Rc7 Rxa5 38. Rxf7 Ra1+ 39. Kf2 Ra2+ 40. Kf1 Rb2 41. Rxb7 Kg5 {[%emt 0:06:18] Hoping for ...Kf4.} (41... Rb1+ $2 42. Ke2 Rb5 43. Kd3 $18) 42. g3 ({Worse is} 42. Rxg7+ Kf4 43. Rc7 d3 $17) 42... Rxh2 $2 (42... g6 $1 $14) 43. Rxg7+ $18 Kf6 44. Rg8 {[%emt 0:02:56] Threatens to win with b7.} Rb2 45. gxh4 Ke5 46. Rf8 (46. h5 $142 {h6 is the strong threat.} Rxb6 47. Kf2 Rb2+ 48. Kg3) 46... d3 {[%emt 0:08:36] [#] Strongly threatening ...Rb1+.} 47. Rd8 ({Better is} 47. b7 $1 Rxb7 48. Kf2) 47... Rxb6 {[%emt 0:01:34][%mdl 8192] [#]} (47... Kf4 $16) 48. Kf2 $1 {[%emt 0:01:58] White is clearly winning.} Rb3 49. Rd5+ Ke6 50. Ke3 d2+ 51. Ke2 a5 52. Rxd2 a4 53. Rd5 a3 54. Kf2 Kf6 55. Ra5 {[%emt 0:01:34] And now Kg3 would win.} Kg6 56. Kg3 Rc3 57. Kg4 Kf6 58. f4 {[%emt 0:01:24] Weighted Error Value: White=0.15 (very precise) /Black=0.48} 1-0